 Dungeon Crawl Stone Soup version 0.27.1-37-g7b29ead8ac (webtiles) character file.

Game seed: 15241163648305227886

794 tkbsonic5 the Ruffian (level 7, -4/71 HPs)
             Began as a Troll Fighter on Jan 13, 2024.
             Was a Priest of Elyvilon.
             Slain by an orc warrior (17 damage)
             ... on level 5 of the Dungeon.
             The game lasted 00:07:26 (3066 turns).

tkbsonic5 the Ruffian (Troll Fighter)               Turns: 3066, Time: 00:07:27

Health: -4/71      AC:  4    Str: 27    XL:     7   Next: 58%
Magic:  8/8        EV:  8    Int:  4    God:    Elyvilon [***...]
Gold:   184        SH: 10    Dex:  9    Spells: 6/6 levels left

rFire    . . .     SeeInvis .     - Unarmed
rCold    + . .     Faith    .   b - +1 kite shield
rNeg     . . .     Spirit   .   a - +0 robe
rPois    .         Reflect  .   (helmet restricted)
rElec    .         Harm     .   (no cloak)
rCorr    +         Rampage  .   (gloves unavailable)
Will     .....                  (boots unavailable)
Stlth    +.........             (no amulet)
HPRegen  1.21/turn              n - ring of resist corrosion
MPRegen  0.11/turn              f - ring of protection from cold

@: mighty, about to teleport
A: large, unfitting armour, claws 3, regeneration 1, shaggy fur 1, tough skin 1
a: Renounce Religion, Lesser Healing, Heal Other, Purification, Divine
Protection


You were on level 5 of the Dungeon.
You worshipped Elyvilon.
Elyvilon was most pleased with you.
You visited 1 branch of the dungeon, and saw 5 of its levels.

You collected 184 gold pieces.

Inventory:

Missiles
 i - 32 poisoned darts (quivered)
Armour
 a - a +0 robe (worn)
 b - a +1 kite shield (worn)
Jewellery
 f - a ring of protection from cold (right claw)
 n - a ring of resist corrosion (left claw)
Wands
 e - a wand of iceblast (14)
Scrolls
 h - 2 scrolls of brand weapon {unknown}
 j - a scroll of enchant weapon
 k - a scroll of fear {unknown}
 q - a scroll of identify {unknown}
Potions
 g - a potion of heal wounds {unknown}
 l - a potion of flight
 m - a potion of haste {unknown}
 o - a potion of magic {unknown}


   Skills:
 * Level 4.5 Fighting
 - Level 2.4 Dodging
 + Level 3.7 Shields
 * Level 5.0 Unarmed Combat
 * Level 3.5 Invocations


You had 6 spell levels left.
You didn't know any spells.
Your spell library contained the following spells:

 Spells                   Type           Power      Damage    Failure   Level
 Portal Projectile        Hex/Tloc       0%         N/A       99%         3
 Silence                  Hex/Air        0%         N/A       100%        5
 Yara's Violent Unravell  Hex/Tmut       0%         3d3       100%        5
 Dispersal                Tloc           0%         N/A       100%        6


Dungeon Overview and Level Annotations

Branches:
Dungeon (5/15)
 Temple: D:4-7

Altars:
Elyvilon
Fedhas


Innate Abilities, Weirdness & Mutations

You are too large for most types of armour.
You have claws for hands.
Your natural rate of healing is unusually fast.
You are covered in fur. (AC +1)
You have tough skin. (AC +1)


Message History

Okay, then.
You feel very mighty all of a sudden.
The gnoll shouts!
You mangle the gnoll!!
You kill the gnoll!
The orc wizard points at you and mumbles some strange words.
The magic dart hits you!
You throw a poisoned dart.
The poisoned dart closely misses the orc wizard.
The orc wizard gestures at you while chanting.
The magic dart hits you.
An orc wizard comes into view. It is wielding a +0 dagger.
You barely miss the orc wizard.
The gnoll hits you from afar with a +0 halberd!
The orc wizard completely misses you. You block the gnoll's attack.
You claw the orc wizard!
The orc wizard is severely wounded.
A gnoll comes into view. It is wielding a +0 whip.
The orc wizard casts a spell at you. The puff of flame hits you!
You block the orc warrior's attack.
The gnoll hits you from afar with a +0 halberd!
You closely miss the orc wizard.
The orc wizard is severely wounded.
The orc wizard casts a spell at you. The puff of flame hits you!
The orc warrior closely misses you.
The gnoll hits you from afar with a +0 halberd.
You closely miss the orc wizard.
The orc wizard is severely wounded.
The orc wizard barely misses you.
The orc warrior hits you from afar with a +0 halberd!
* * * LOW HITPOINT WARNING * * *
The gnoll hits you from afar with a +0 halberd.
* * * LOW HITPOINT WARNING * * *
Okay, then.
As you read the scroll of teleportation, it crumbles to dust.
You feel strangely unstable.
The orc wizard hits you with a +0 dagger.
* * * LOW HITPOINT WARNING * * *
The orc warrior hits you from afar with a +0 halberd!
You die...

######### #######
##################.....##
.........................
........##########.##..##
#######......# #.....##
#......# #.......
##.....#####....###
#@.#####.......... ##o#
#.###....#. #o##
#....)...#.
#gg#########..<#.
##.Y....# #..##. #go....#
#...+. ##.....# ##.##.
########.....# #.##.
.........##### #.##.


You could see an orc warrior, an ice beast, 2 orc wizards and 3 gnolls.

Vanquished Creatures
  An ogre (D:5)
  A phantom (D:5)
  A water moccasin zombie (D:5)
  2 scorpions
  A bullfrog zombie (D:5)
  A centaur skeleton (D:4)
  Jessica (D:3)
  Ijyb (D:3)
  4 orc wizards (D:4)
  Natasha (thrice) (D:3)
  An iguana (D:4)
  A gnoll (D:5)
  3 adders
  4 dart slugs
  14 orcs
  7 bats
  8 endoplasms
  3 giant cockroaches
  5 goblins
  6 hobgoblins
  8 jackals
  5 quokkas
  5 ball pythons
  2 frilled lizards (D:2)
  4 kobolds (D:1)
  8 rats
100 creatures vanquished.

Notes
Turn   | Place    | Note
-------+----------+-------------------------------------------
     0 | D:1      | tkbsonic5 the Troll Fighter began the quest for the Orb.
     0 | D:1      | Reached XP level 1. HP: 22/22 MP: 0/0
    62 | D:1      | Reached XP level 2. HP: 29/29 MP: 1/1
   182 | D:1      | Found a faded altar of an unknown god.
   215 | D:1      | Became a worshipper of Elyvilon the Healer
   215 | D:1      | Reached * piety under Elyvilon
   217 | D:1      | Reached XP level 3. HP: 36/36 MP: 2/2
   658 | D:2      | Got Tacyneal's Tome of Bewitching Displacement
   873 | D:2      | Reached ** piety under Elyvilon
  1160 | D:3      | Found a blossoming altar of Fedhas.
  1174 | D:3      | Reached skill level 3 in Unarmed Combat
  1180 | D:3      | Noticed Ijyb
  1191 | D:3      | Killed Ijyb
  1192 | D:3      | Reached XP level 4. HP: 45/45 MP: 3/3
  1405 | D:3      | Reached skill level 1 in Invocations
  1425 | D:3      | Noticed Natasha
  1433 | D:3      | Killed Natasha
  1481 | D:3      | Noticed Natasha
  1489 | D:3      | Killed Natasha
  1490 | D:3      | Reached XP level 5. HP: 53/53 MP: 3/5
  1565 | D:3      | Noticed Natasha
  1572 | D:3      | Killed Natasha
  1619 | D:3      | Noticed Jessica
  1627 | D:3      | Killed Jessica
  1940 | D:4      | Reached XP level 6. HP: 62/62 MP: 6/6
  2157 | D:4      | Reached skill level 4 in Unarmed Combat
  2564 | D:5      | Entered Level 5 of the Dungeon
  2570 | D:5      | Reached XP level 7. HP: 65/70 MP: 8/8
  2914 | D:5      | Reached skill level 5 in Unarmed Combat
  3029 | D:5      | Reached *** piety under Elyvilon
  3066 | D:5      | Slain by an orc warrior

Illustrated notes

Levels and vault maps discovered:
D:1:      wheals_arrival_shading, layout_basic,
          shapermc_ecumenical_altar_starsandcircs,
          chequers_serial_rivers_micro_a, grunt_decor_one_mirror, minivault_4
D:2:      layout_basic
D:3:      layout_loops_ring, fedhas_altar_2, kennysheep_minor_cross,
          uniq_natasha, uniq_jessica, uniq_ijyb
D:4:      layout_rooms
D:5:      layout_basic, minmay_temple_entry_glass, serial_shops,
          nicolae_shop_window_shopping, nicolae_zen_rock_garden, uniq_duvessa

Skill      XL: |  1  2  3  4  5  6  7 |
---------------+----------------------+-----
Fighting       | 3 4 |  4.5
Unarmed Combat | 3 4 5 |  5.0
Invocations    | 1 2 3 |  3.5
Shields        | 3 |  3.7
Dodging        | |  2.4

Action                   |  1- 3 |  4- 6 |  7- 9 || total
-------------------------+-------+-------+-------++-------
Melee: Unarmed           |   119 |   139 |    31 ||   289
Throw: Dart              |       |     9 |     4 ||    13
Invok: Lesser Healing    |     1 |       |       ||     1
       Heal Other        |       |     3 |       ||     3
  Use: Potion            |       |     7 |     1 ||     8
       Scroll            |       |     4 |     1 ||     5
 Stab: Sleeping          |     2 |     1 |       ||     3
Armor: Robe              |    53 |    38 |     5 ||    96
       Skin              |     1 |       |       ||     1
Dodge: Dodged            |    46 |    36 |     6 ||    88
Block: Kite shield       |    63 |    50 |     8 ||   121
